Islanders vs Predators
Created - February 26, 2022 at 08:52
Goals
|
| Islanders |
1 |
1 |
0 |
2 |
| Predators |
1 |
1 |
3 |
5 |
|
Shots
|
| Islanders |
10 |
14 |
13 |
37 |
| Predators |
8 |
12 |
11 |
31 |
|
1st period
1. Predators , Brendan Gallagher 3 (John Moore 7) at 3:50
2. Islanders , Brian Ferlin 2 (Paul Stastny 11) at 7:19
Penalties :
Michael Latta (NyI) for Roughing (Minor) at 11:32
2nd period
3. Islanders , Ryan Ellis 8 (Joe Thornton 26) at 6:42
4. Predators , Jaden Schwartz 12 (Brendan Gallagher 4, Alexander Edler 21) at 17:38 (PP)
Penalties :
Ryan Kesler (Nas) for Hooking (Minor) at 10:22, Craig Smith (NyI) for Tripping (Minor) at 17:01
3rd period
5. Predators , Alexander Edler 6 (Alexander Ovechkin 22) at 1:09 (PP)
6. Predators , Jaden Schwartz 13 (Brendan Gallagher 5) at 4:24
7. Predators , Chris Higgins 3 (Anton Gustafsson 1) at 16:38
Penalties :
Brock McGinn (NyI) for Roughing (Double Minor) at 0:22, Justin Abdelkader (Nas) for Cross-checking (Minor) at 5:39, Frans Nielsen (NyI) for Tripping (Minor) at 14:22, Brian Ferlin (NyI) for Roughing (Minor) at 19:30
Goalie Stats
Jonathan Quick (NyI), 26 saves from 31 shots - (0.839), L, 14-12-3, 60:00 minutes
Kari Lehtonen (Nas), 35 saves from 37 shots - (0.946), W, 9-7-1, 60:00 minutes
Players Stats for Islanders
Player Name G A P +/- PIM S H SB GA TA FO MP PP MP PK MP
------------------------------------------------------------------------------------
Andrew Shaw 0 0 0 0 0 0 0 0 0 0 0/0 6:22 0:00 0:00
Brian Ferlin 1 0 1 0 2 3 3 1 1 0 0/0 10:17 0:00 0:00
Brock McGinn 0 0 0 0 4 4 0 1 1 0 0/1 20:33 2:20 1:19
Craig Smith 0 0 0 -1 2 0 6 0 1 0 0/1 16:07 1:38 0:00
Fedor Tyutin 0 0 0 -1 0 3 2 0 2 0 0/0 28:39 2:34 4:56
Frans Nielsen 0 0 0 -2 2 2 5 3 1 0 6/14 17:49 1:38 1:18
Jay Bouwmeester 0 0 0 0 0 0 0 0 0 0 0/0 20:45 1:24 2:54
Joe Thornton 0 1 1 0 0 2 1 1 0 1 27/40 24:14 2:20 5:05
Justin Falk 0 0 0 0 0 0 0 1 0 0 0/0 10:36 0:00 0:00
Marc-Édouard Vlasic 0 0 0 0 0 0 0 0 1 0 0/0 10:36 0:00 0:00
Michael Latta 0 0 0 0 2 0 0 0 0 0 0/1 6:50 0:00 0:16
Paul Stastny 0 1 1 0 0 2 2 0 1 0 3/4 12:14 0:00 1:49
Pierre-Edouard Bellemare 0 0 0 0 0 2 0 0 0 1 0/0 10:18 0:00 0:00
Ryan Ellis 1 0 1 -1 0 10 1 1 1 0 0/0 28:39 2:34 4:56
Sergei Plotnikov 0 0 0 0 0 2 0 0 0 0 0/0 7:21 0:00 0:53
Tomas Kundratek 0 0 0 0 0 0 1 3 0 1 0/0 20:45 1:24 2:54
Vladimir Tarasenko 0 0 0 1 0 5 4 1 2 0 1/3 23:52 2:20 5:00
Zac Rinaldo 0 0 0 -1 0 2 0 1 0 0 2/4 16:08 1:38 0:00
Players Stats for Predators
Player Name G A P +/- PIM S H SB GA TA FO MP PP MP PK MP
------------------------------------------------------------------------------------
Alexander Edler 1 1 2 0 0 5 2 1 0 2 0/0 28:54 5:28 2:10
Alexander Ovechkin 0 1 1 -1 0 2 2 0 0 1 0/0 22:17 4:51 0:18
Andy Miele 0 0 0 -1 0 3 5 0 0 3 16/39 23:24 4:51 2:25
Anton Gustafsson 0 1 1 1 0 0 2 1 0 0 0/3 8:55 0:00 0:13
Brendan Gallagher 1 2 3 1 0 1 2 0 0 1 1/2 18:02 2:57 0:59
Chris Higgins 1 0 1 1 0 2 1 0 1 0 0/0 7:39 0:00 0:00
Denis Grebeshkov 0 0 0 -1 0 1 1 0 0 0 0/0 10:31 0:00 0:00
Jack Eichel 0 0 0 0 0 1 3 0 0 0 3/3 9:18 0:02 0:00
Jaden Schwartz 2 0 2 1 0 3 0 0 0 0 1/2 18:02 2:57 0:59
John Moore 0 1 1 2 0 1 0 4 0 1 0/0 20:35 2:22 1:48
Justin Abdelkader 0 0 0 0 2 1 2 0 0 0 0/0 9:20 0:02 0:00
Justin Faulk 0 0 0 2 0 1 0 1 0 0 0/0 18:47 2:22 0:00
Mark Pysyk 0 0 0 0 0 2 1 0 1 0 1/1 11:49 0:02 2:28
Mikael Granlund 0 0 0 -1 0 5 3 0 1 0 3/5 20:56 4:51 0:00
Mike Brown 0 0 0 1 0 1 1 1 0 0 0/1 8:13 0:00 0:34
Nate Schmidt 0 0 0 -1 0 0 3 0 0 1 0/0 12:19 0:00 1:48
Ryan Kesler 0 0 0 1 2 2 2 0 0 0 4/12 18:05 2:57 0:00
Ryan Mcdonagh 0 0 0 0 0 0 1 1 0 2 0/0 28:54 5:28 2:10
3 Stars
1 - Brendan Gallagher (Nas)
2 - Jaden Schwartz (Nas)
3 - Alexander Edler (Nas)
Power Play
Islanders - 0 on 2 Attempt(s) - 0.00%
Predators - 2 on 6 Attempt(s) - 33.33%
Penalty Kill
Islanders - 4 on 6 Attempt(s) - 66.67%
- Score 0 goal in Penalty Kill
Predators - 2 on 2 Attempt(s) - 100.00%
- Score 0 goal in Penalty Kill
Team Stat
Islanders - Hits : 25 - Faceoff Wins : 39 - Blocked Shots : 13 - Penalty Minutes : 12
Predators - Hits : 31 - Faceoff Wins : 29 - Blocked Shots : 9 - Penalty Minutes : 4
Official
Referees : Chris Rooney and Kevin Pollock
Linesman : Travis Gawryletz and Jesse Marquis
Game Notes
No Game Note
Finance
Level 1 -- Attendance: 5407 (90.12%) -- Ticket Income $540,700
Level 2 -- Attendance: 4455 (89.10%) -- Ticket Income $267,300
Level 3 -- Attendance: 2000 (100.00%) -- Ticket Income $70,000
Level 4 -- Attendance: 4000 (100.00%) -- Ticket Income $100,000
Luxury Box -- Attendance: 928 (92.80%) -- Ticket Income $185,600
Game was played at the Bridgestone arena.
Total Attendance: 16790 (93.28%)
Total Ticket Income: $1,163,600
Other Income: $174,540
Total Income: $1,338,140
Islanders
5 vs 5 Forward
Center Left Wing Right Wing Time % Phy DF OF
1 Joe Thornton Brock McGinn Vladimir Tarasenko 40 1 2 2
2 Frans Nielsen Zac Rinaldo Craig Smith 30 1 2 2
3 Paul Stastny Pierre-Edouard Bellemare Brian Ferlin 20 1 2 2
4 Michael Latta Sergei Plotnikov Andrew Shaw 10 1 2 2
5 vs 5 Defense
Defense Defense Time % Phy DF OF
1 Ryan Ellis Fedor Tyutin 40 1 2 2
2 Jay Bouwmeester Tomas Kundratek 30 1 2 2
3 Marc-Édouard Vlasic Justin Falk 20 1 2 2
4 Ryan Ellis Fedor Tyutin 10 1 2 2
PowerPlay Forward
Center Left Wing Right Wing Time % Phy DF OF
1 Joe Thornton Brock McGinn Vladimir Tarasenko 60 1 2 2
2 Frans Nielsen Zac Rinaldo Craig Smith 40 1 2 2
PowerPlay Defense
Defense Defense Time % Phy DF OF
1 Ryan Ellis Fedor Tyutin 60 1 2 2
2 Jay Bouwmeester Tomas Kundratek 40 1 2 2
Penalty Kill 4 Players Forward
Center Wing Time % Phy DF OF
1 Joe Thornton Vladimir Tarasenko 60 1 2 2
2 Frans Nielsen Paul Stastny 40 1 2 2
Penalty Kill 4 Players Defense
Defense Defense Time % Phy DF OF
1 Ryan Ellis Fedor Tyutin 60 1 2 2
2 Jay Bouwmeester Tomas Kundratek 40 1 2 2
Penalty Kill - 3 Players Forward
Forward Time % Phy DF OF
1 Vladimir Tarasenko 60 1 2 2
2 Joe Thornton 40 1 2 2
Penalty Kill - 3 Players Defense
Defense Defense Time % Phy DF OF
1 Ryan Ellis Fedor Tyutin 60 1 2 2
2 Jay Bouwmeester Tomas Kundratek 40 1 2 2
4 vs 4 Forward
Center Wing Time % Phy DF OF
1 Joe Thornton Vladimir Tarasenko 60 1 2 2
2 Frans Nielsen Paul Stastny 40 1 2 2
4 vs 4 Defense
Defense Defense Time % Phy DF OF
1 Ryan Ellis Fedor Tyutin 60 1 2 2
2 Jay Bouwmeester Tomas Kundratek 40 1 2 2
Last Minutes Offensive
Center Left Wing Right Wing Defense Defense
Joe Thornton Brock McGinn Vladimir Tarasenko Ryan Ellis Fedor Tyutin
Last Minutes Defensive
Center Left Wing Right Wing Defense Defense
Joe Thornton Pierre-Edouard Bellemare Vladimir Tarasenko Ryan Ellis Fedor Tyutin
Goaltenders
Starting : Jonathan Quick
Backup : Julien Ellis
Extra Forwards
Normal : Sergei Plotnikov, Michael Latta, Brock McGinn - PP : Sergei Plotnikov, Michael Latta - PK : Brock McGinn
Extra Defensemen
Normal : Marc-Édouard Vlasic, Justin Falk, Jay Bouwmeester - PP : Marc-Édouard Vlasic - PK : Justin Falk, Jay Bouwmeester
Penalty Shots
Vladimir Tarasenko, Joe Thornton, Frans Nielsen, Paul Stastny, Pierre-Edouard Bellemare
Scratches
Carl Klingberg (Healthy), Jiri Hudler (Healthy)
Predators
5 vs 5 Forward
Center Left Wing Right Wing Time % Phy DF OF
1 Andy Miele Alexander Ovechkin Mikael Granlund 38 1 1 3
2 Ryan Kesler Jaden Schwartz Brendan Gallagher 29 1 2 2
3 Jack Eichel Justin Abdelkader Mark Pysyk 18 1 2 2
4 Anton Gustafsson Chris Higgins Mike Brown 15 1 2 2
5 vs 5 Defense
Defense Defense Time % Phy DF OF
1 Ryan Mcdonagh Alexander Edler 40 1 2 2
2 John Moore Justin Faulk 30 1 2 2
3 Nate Schmidt Denis Grebeshkov 20 1 2 2
4 Ryan Mcdonagh Alexander Edler 10 1 2 2
PowerPlay Forward
Center Left Wing Right Wing Time % Phy DF OF
1 Andy Miele Alexander Ovechkin Mikael Granlund 60 1 1 3
2 Ryan Kesler Jaden Schwartz Brendan Gallagher 40 1 1 3
PowerPlay Defense
Defense Defense Time % Phy DF OF
1 Ryan Mcdonagh Alexander Edler 60 1 1 3
2 John Moore Justin Faulk 40 1 1 3
Penalty Kill 4 Players Forward
Center Wing Time % Phy DF OF
1 Andy Miele Mark Pysyk 60 1 2 2
2 Jaden Schwartz Brendan Gallagher 40 1 2 2
Penalty Kill 4 Players Defense
Defense Defense Time % Phy DF OF
1 Ryan Mcdonagh Alexander Edler 60 1 3 1
2 John Moore Nate Schmidt 40 1 3 1
Penalty Kill - 3 Players Forward
Forward Time % Phy DF OF
1 Jaden Schwartz 60 1 3 1
2 Mark Pysyk 40 1 3 1
Penalty Kill - 3 Players Defense
Defense Defense Time % Phy DF OF
1 Ryan Mcdonagh Alexander Edler 60 1 3 1
2 John Moore Nate Schmidt 40 1 3 1
4 vs 4 Forward
Center Wing Time % Phy DF OF
1 Andy Miele Alexander Ovechkin 60 1 2 2
2 Ryan Kesler Jaden Schwartz 40 1 2 2
4 vs 4 Defense
Defense Defense Time % Phy DF OF
1 Ryan Mcdonagh Alexander Edler 60 1 2 2
2 John Moore Justin Faulk 40 1 2 2
Last Minutes Offensive
Center Left Wing Right Wing Defense Defense
Andy Miele Alexander Ovechkin Mikael Granlund Ryan Mcdonagh Alexander Edler
Last Minutes Defensive
Center Left Wing Right Wing Defense Defense
Andy Miele Jaden Schwartz Mark Pysyk Ryan Mcdonagh Alexander Edler
Goaltenders
Starting : Kari Lehtonen
Backup : Jaroslav Halak
Extra Forwards
Normal : Jaden Schwartz, Brendan Gallagher, Jack Eichel - PP : Jack Eichel, Justin Abdelkader - PK : Mike Brown
Extra Defensemen
Normal : Justin Faulk, John Moore, Nate Schmidt - PP : Denis Grebeshkov - PK : Justin Faulk, John Moore
Penalty Shots
Alexander Ovechkin, Mikael Granlund, Brendan Gallagher, Jack Eichel, Andy Miele
Scratches
Brad Boyes (Back Spasms Injury)
% Time on Ice - Islanders
Lines # - Real PCT - Wanted PCT - Time Play
Normal Forward
1 - 35% - 40% - 16:55
2 - 30% - 30% - 14:37
3 - 21% - 20% - 10:18
4 - 13% - 10% - 6:22
Normal Defense
1 - 40% - 40% - 19:28
2 - 34% - 30% - 16:27
3 - 22% - 20% - 10:36
4 - 3% - 10% - 1:41
PP Forward
1 - 59% - 60% - 2:20
2 - 41% - 40% - 1:38
PP Defense
1 - 65% - 60% - 2:34
2 - 35% - 40% - 1:24
PK Forward
1 - 77% - 60% - 6:01
2 - 23% - 40% - 1:49
PK Defense
1 - 63% - 60% - 4:56
2 - 37% - 40% - 2:54
PK3 Forward
1 - 0% - 60%
2 - 0% - 40%
PK3 Defense
1 - 0% - 60%
2 - 0% - 40%
44 Forward
1 - 0% - 60%
2 - 0% - 40%
44 Defense
1 - 0% - 60%
2 - 0% - 40%
Last Minute Offensive - 0:00
Last Minute Defensive - 0:00
Total
Forward - 60:00
Defense - 60:00
|
% Time on Ice - Predators
Lines # - Real PCT - Wanted PCT - Time Play
Normal Forward
1 - 36% - 38% - 17:12
2 - 29% - 29% - 14:06
3 - 19% - 18% - 9:15
4 - 16% - 15% - 7:39
Normal Defense
1 - 39% - 40% - 18:58
2 - 34% - 30% - 16:25
3 - 22% - 20% - 10:31
4 - 5% - 10% - 2:18
PP Forward
1 - 62% - 60% - 4:53
2 - 38% - 40% - 2:57
PP Defense
1 - 70% - 60% - 5:28
2 - 30% - 40% - 2:22
PK Forward
1 - 75% - 60% - 2:59
2 - 25% - 40% - 0:59
PK Defense
1 - 55% - 60% - 2:10
2 - 45% - 40% - 1:48
PK3 Forward
1 - 0% - 60%
2 - 0% - 40%
PK3 Defense
1 - 0% - 60%
2 - 0% - 40%
44 Forward
1 - 0% - 60%
2 - 0% - 40%
44 Defense
1 - 0% - 60%
2 - 0% - 40%
Last Minute Offensive - 0:00
Last Minute Defensive - 0:00
Total
Forward - 60:00
Defense - 60:00
|
Play-by-Play
1st period
0:01 of 1st period - Andy Miele wins face-off versus Joe Thornton in neutral zone.
0:46 of 1st period - Mark Pysyk is hit by Brian Ferlin and loses puck.
0:55 of 1st period - Slapshot by Paul Stastny.
0:55 of 1st period - Shot Misses the Net.
0:57 of 1st period - Slapshot by Ryan Ellis.
0:57 of 1st period - Stopped by Kari Lehtonen with a rebound.
1:07 of 1st period - Sergei Plotnikov is hit by Anton Gustafsson and loses puck.
1:46 of 1st period - Joe Thornton is hit by Mikael Granlund and loses puck.
2:07 of 1st period - Snap shot by Jaden Schwartz.
2:07 of 1st period - Stopped by Jonathan Quick without a rebound.
2:08 of 1st period - Frans Nielsen wins face-off versus Anton Gustafsson in Islanders zone.
2:33 of 1st period - Justin Faulk is hit by Brian Ferlin and loses puck.
2:50 of 1st period - Brian Ferlin is hit by Alexander Ovechkin and loses puck.
3:17 of 1st period - Brian Ferlin is hit by Alexander Ovechkin and loses puck.
3:38 of 1st period - Wrist shot by Paul Stastny.
3:38 of 1st period - Stopped by Kari Lehtonen without a rebound.
3:39 of 1st period - Zac Rinaldo wins face-off versus Ryan Kesler in Predators zone.
3:40 of 1st period - Snap shot by Craig Smith.
3:40 of 1st period - Deflect By Frans Nielsen.
3:40 of 1st period - Shot Blocked by John Moore.
3:40 of 1st period - Puck is out of play.
3:41 of 1st period - Frans Nielsen wins face-off versus Jaden Schwartz in Predators zone.
3:42 of 1st period - Slapshot by Ryan Ellis.
3:42 of 1st period - Stopped by Kari Lehtonen with a rebound.
3:50 of 1st period - Snap shot by Brendan Gallagher.
3:50 of 1st period - Goal by Brendan Gallagher - Islanders : 0 - Predators : 1.
3:51 of 1st period - Joe Thornton wins face-off versus Ryan Kesler in neutral zone.
4:16 of 1st period - Zac Rinaldo is hit by Jack Eichel and loses puck.
5:49 of 1st period - Slapshot by Ryan Mcdonagh.
5:49 of 1st period - Deflect By Jack Eichel.
5:49 of 1st period - Stopped by Jonathan Quick with a rebound.
6:09 of 1st period - Slapshot by Ryan Mcdonagh.
6:09 of 1st period - Shot Blocked by Tomas Kundratek.
6:42 of 1st period - Snap shot by Alexander Ovechkin.
6:42 of 1st period - Shot Blocked by Tomas Kundratek.
6:44 of 1st period - Slapshot by Mikael Granlund.
6:44 of 1st period - Shot Misses the Net.
6:46 of 1st period - Backhand shot by Denis Grebeshkov.
6:46 of 1st period - Stopped by Jonathan Quick with a rebound.
6:48 of 1st period - Snap shot by Andy Miele.
6:48 of 1st period - Stopped by Jonathan Quick with a rebound.
6:50 of 1st period - Slapshot by Denis Grebeshkov.
6:50 of 1st period - Shot Blocked by Frans Nielsen.
7:09 of 1st period - Icing by Andy Miele.
7:10 of 1st period - Paul Stastny wins face-off versus Ryan Kesler in Predators zone.
7:19 of 1st period - Wrist shot by Brian Ferlin.
7:19 of 1st period - Goal by Brian Ferlin - Islanders : 1 - Predators : 1.
7:20 of 1st period - Jaden Schwartz wins face-off versus Vladimir Tarasenko in neutral zone.
7:25 of 1st period - Brock McGinn is hit by Ryan Mcdonagh and loses puck.
7:45 of 1st period - Alexander Edler is hit by Craig Smith and loses puck.
8:02 of 1st period - Justin Falk is hit by Jack Eichel and loses puck.
8:15 of 1st period - Backhand shot by Alexander Edler.
8:15 of 1st period - Deflect By Justin Abdelkader.
8:15 of 1st period - Shot Blocked by Justin Falk.
8:15 of 1st period - Puck is out of play.
8:16 of 1st period - Joe Thornton wins face-off versus Ryan Kesler in Islanders zone.
8:41 of 1st period - Ryan Ellis is hit by Mikael Granlund and loses puck.
9:31 of 1st period - Vladimir Tarasenko is hit by Denis Grebeshkov and loses puck.
9:44 of 1st period - Wrist shot by Alexander Ovechkin.
9:44 of 1st period - Stopped by Jonathan Quick with a rebound.
9:46 of 1st period - Slapshot by Alexander Edler.
9:46 of 1st period - Shot Misses the Net.
9:48 of 1st period - Slapshot by Alexander Edler.
9:48 of 1st period - Stopped by Jonathan Quick with a rebound.
10:06 of 1st period - Craig Smith is hit by Ryan Kesler and loses puck.
10:45 of 1st period - Jack Eichel is hit by Brian Ferlin and loses puck.
10:58 of 1st period - Justin Falk is hit by Justin Abdelkader and loses puck.
11:32 of 1st period - Minor Penalty to Michael Latta for Roughing.
11:33 of 1st period - Joe Thornton wins face-off versus Andy Miele in Islanders zone.
11:50 of 1st period - Icing by Mikael Granlund.
11:51 of 1st period - Andy Miele wins face-off versus Joe Thornton in Predators zone.
13:29 of 1st period - Justin Faulk is hit by Paul Stastny and loses puck.
13:32 of 1st period - Penalty to Michael Latta is over, Michael Latta is back on ice.
14:08 of 1st period - Paul Stastny is hit by Justin Abdelkader and loses puck.
14:21 of 1st period - Sergei Plotnikov is hit by Andy Miele.
14:37 of 1st period - Mike Brown is hit by Vladimir Tarasenko and loses puck.
14:42 of 1st period - Snap shot by Vladimir Tarasenko.
14:42 of 1st period - Shot Blocked by John Moore.
14:44 of 1st period - Wrist shot by Brock McGinn.
14:44 of 1st period - Shot Blocked by Anton Gustafsson.
14:58 of 1st period - Frans Nielsen is hit by Mark Pysyk and loses puck.
15:31 of 1st period - Andy Miele is hit by Paul Stastny and loses puck.
16:08 of 1st period - Snap shot by Ryan Ellis.
16:08 of 1st period - Stopped by Kari Lehtonen without a rebound.
16:09 of 1st period - Andy Miele wins face-off versus Craig Smith in Predators zone.
16:34 of 1st period - Brock McGinn is hit by Nate Schmidt and loses puck.
16:47 of 1st period - Wrist shot by Jaden Schwartz.
16:47 of 1st period - Shot Misses the Net.
16:59 of 1st period - Slapshot by Ryan Ellis.
16:59 of 1st period - Stopped by Kari Lehtonen with a rebound.
17:01 of 1st period - Snap shot by Pierre-Edouard Bellemare.
17:01 of 1st period - Stopped by Kari Lehtonen with a rebound.
17:03 of 1st period - Wrist shot by Pierre-Edouard Bellemare.
17:03 of 1st period - Shot Misses the Net.
17:05 of 1st period - Slapshot by Fedor Tyutin.
17:05 of 1st period - Shot Blocked by John Moore.
17:07 of 1st period - Slapshot by Ryan Ellis.
17:07 of 1st period - Stopped by Kari Lehtonen without a rebound.
17:08 of 1st period - Frans Nielsen wins face-off versus Andy Miele in Predators zone.
17:09 of 1st period - Snap shot by Zac Rinaldo.
17:09 of 1st period - Shot Blocked by Alexander Edler.
17:25 of 1st period - Snap shot by Mikael Granlund.
17:25 of 1st period - Shot Misses the Net.
17:59 of 1st period - Icing by Justin Falk.
18:00 of 1st period - Paul Stastny wins face-off versus Andy Miele in Islanders zone.
18:09 of 1st period - Paul Stastny is hit by Andy Miele and loses puck.
18:16 of 1st period - Snap shot by Marc-Édouard Vlasic.
18:16 of 1st period - Shot Misses the Net.
18:18 of 1st period - Wrist shot by Pierre-Edouard Bellemare.
18:18 of 1st period - Stopped by Kari Lehtonen without a rebound.
18:19 of 1st period - Ryan Kesler wins face-off versus Joe Thornton in Predators zone.
18:44 of 1st period - Andy Miele is hit by Frans Nielsen and loses puck.
18:48 of 1st period - Icing by Mikael Granlund.
18:49 of 1st period - Andy Miele wins face-off versus Frans Nielsen in Predators zone.
18:58 of 1st period - Wrist shot by Mikael Granlund.
18:58 of 1st period - Stopped by Jonathan Quick without a rebound.
18:59 of 1st period - Joe Thornton wins face-off versus Andy Miele in Islanders zone.
19:01 of 1st period - Brock McGinn is hit by Andy Miele and loses puck.
19:54 of 1st period - Slapshot by Ryan Ellis.
19:54 of 1st period - Stopped by Kari Lehtonen with a rebound.
Goals for this period are 1 for Islanders vs 1 for Predators.
Shots for this period are 10 for Islanders vs 8 for Predators.
2nd period
0:01 of 2nd period - Joe Thornton wins face-off versus Andy Miele in neutral zone.
0:25 of 2nd period - Ryan Mcdonagh is hit by Fedor Tyutin and loses puck.
1:10 of 2nd period - Wrist shot by Brock McGinn.
1:10 of 2nd period - Deflect By Vladimir Tarasenko.
1:10 of 2nd period - Shot Misses the Net.
1:10 of 2nd period - Puck is out of play.
1:11 of 2nd period - Andy Miele wins face-off versus Brock McGinn in Predators zone.
1:22 of 2nd period - Snap shot by Vladimir Tarasenko.
1:22 of 2nd period - Stopped by Kari Lehtonen with a rebound.
1:24 of 2nd period - Slapshot by Fedor Tyutin.
1:24 of 2nd period - Stopped by Kari Lehtonen with a rebound.
1:26 of 2nd period - Slapshot by Ryan Ellis.
1:26 of 2nd period - Stopped by Kari Lehtonen without a rebound.
1:27 of 2nd period - Frans Nielsen wins face-off versus Ryan Kesler in Predators zone.
1:57 of 2nd period - Off-side.
1:58 of 2nd period - Joe Thornton wins face-off versus Mikael Granlund in neutral zone.
2:01 of 2nd period - John Moore is hit by Vladimir Tarasenko.
2:48 of 2nd period - Ryan Ellis is hit by Brendan Gallagher and loses puck.
3:28 of 2nd period - Slapshot by Paul Stastny.
3:28 of 2nd period - Stopped by Kari Lehtonen without a rebound.
3:29 of 2nd period - Vladimir Tarasenko wins face-off versus Anton Gustafsson in Predators zone.
3:40 of 2nd period - Slapshot by Brock McGinn.
3:40 of 2nd period - Stopped by Kari Lehtonen with a rebound.
3:42 of 2nd period - Snap shot by Vladimir Tarasenko.
3:42 of 2nd period - Stopped by Kari Lehtonen with a rebound.
3:44 of 2nd period - Snap shot by Ryan Ellis.
3:44 of 2nd period - Deflect By Brock McGinn.
3:44 of 2nd period - Stopped by Kari Lehtonen with a rebound.
4:04 of 2nd period - Slapshot by Mikael Granlund.
4:04 of 2nd period - Stopped by Jonathan Quick without a rebound.
4:05 of 2nd period - Ryan Kesler wins face-off versus Joe Thornton in Islanders zone.
4:24 of 2nd period - Vladimir Tarasenko is hit by Alexander Edler.
4:34 of 2nd period - Snap shot by Justin Abdelkader.
4:34 of 2nd period - Deflect By Mark Pysyk.
4:34 of 2nd period - Stopped by Jonathan Quick with a rebound.
4:46 of 2nd period - Slapshot by Joe Thornton.
4:46 of 2nd period - Deflect By Brock McGinn.
4:46 of 2nd period - Stopped by Kari Lehtonen with a rebound.
4:48 of 2nd period - Wrist shot by Brock McGinn.
4:48 of 2nd period - Shot Misses the Net.
4:50 of 2nd period - Wrist shot by Joe Thornton.
4:50 of 2nd period - Stopped by Kari Lehtonen without a rebound.
4:51 of 2nd period - Andy Miele wins face-off versus Frans Nielsen in Predators zone.
5:18 of 2nd period - Fedor Tyutin is hit by Brendan Gallagher and loses puck.
5:49 of 2nd period - Slapshot by Ryan Ellis.
5:49 of 2nd period - Stopped by Kari Lehtonen with a rebound.
5:51 of 2nd period - Slapshot by Fedor Tyutin.
5:51 of 2nd period - Stopped by Kari Lehtonen without a rebound.
5:52 of 2nd period - Andy Miele wins face-off versus Joe Thornton in Predators zone.
6:19 of 2nd period - Ryan Mcdonagh is hit by Frans Nielsen and loses puck.
6:24 of 2nd period - Wrist shot by Zac Rinaldo.
6:24 of 2nd period - Stopped by Kari Lehtonen without a rebound.
6:25 of 2nd period - Ryan Kesler wins face-off versus Frans Nielsen in Predators zone.
6:32 of 2nd period - Wrist shot by Jaden Schwartz.
6:32 of 2nd period - Shot Blocked by Tomas Kundratek.
6:34 of 2nd period - Backhand shot by Brendan Gallagher.
6:34 of 2nd period - Shot Blocked by Frans Nielsen.
6:36 of 2nd period - Slapshot by Nate Schmidt.
6:36 of 2nd period - Deflect By Ryan Kesler.
6:36 of 2nd period - Stopped by Jonathan Quick without a rebound.
6:37 of 2nd period - Joe Thornton wins face-off versus Andy Miele in Islanders zone.
6:42 of 2nd period - Backhand shot by Ryan Ellis.
6:42 of 2nd period - Goal by Ryan Ellis - Islanders : 2 - Predators : 1.
6:43 of 2nd period - Joe Thornton wins face-off versus Andy Miele in neutral zone.
6:50 of 2nd period - Alexander Edler is hit by Vladimir Tarasenko.
9:00 of 2nd period - Paul Stastny is hit by Nate Schmidt and loses puck.
9:22 of 2nd period - Slapshot by Justin Faulk.
9:22 of 2nd period - Stopped by Jonathan Quick without a rebound.
9:23 of 2nd period - Mark Pysyk wins face-off versus Joe Thornton in Islanders zone.
10:01 of 2nd period - Icing by Tomas Kundratek.
10:02 of 2nd period - Ryan Kesler wins face-off versus Zac Rinaldo in Islanders zone.
10:22 of 2nd period - Minor Penalty to Ryan Kesler for Hooking.
10:23 of 2nd period - Joe Thornton wins face-off versus Andy Miele in Predators zone.
10:57 of 2nd period - Mark Pysyk is hit by Fedor Tyutin and loses puck.
11:26 of 2nd period - Nate Schmidt is hit by Craig Smith.
11:30 of 2nd period - Andy Miele is hit by Craig Smith and loses puck.
11:47 of 2nd period - John Moore is hit by Joe Thornton and loses puck.
12:22 of 2nd period - Penalty to Ryan Kesler is over, Ryan Kesler is back on ice.
13:05 of 2nd period - Slapshot by Justin Faulk.
13:05 of 2nd period - Deflect By Ryan Kesler.
13:05 of 2nd period - Stopped by Jonathan Quick with a rebound.
13:17 of 2nd period - Icing by Anton Gustafsson.
13:18 of 2nd period - Zac Rinaldo wins face-off versus Anton Gustafsson in Predators zone.
13:24 of 2nd period - Off-side.
13:25 of 2nd period - Jack Eichel wins face-off versus Joe Thornton in neutral zone.
13:30 of 2nd period - Snap shot by Mark Pysyk.
13:30 of 2nd period - Stopped by Jonathan Quick without a rebound.
13:31 of 2nd period - Jack Eichel wins face-off versus Joe Thornton in Islanders zone.
13:57 of 2nd period - Brendan Gallagher is hit by Craig Smith and loses puck.
14:24 of 2nd period - Anton Gustafsson is hit by Tomas Kundratek.
14:25 of 2nd period - Icing by Anton Gustafsson.
14:26 of 2nd period - Joe Thornton wins face-off versus Mike Brown in Predators zone.
14:47 of 2nd period - Snap shot by Mike Brown.
14:47 of 2nd period - Stopped by Jonathan Quick with a rebound.
14:49 of 2nd period - Wrist shot by Alexander Edler.
14:49 of 2nd period - Deflect By Mike Brown.
14:49 of 2nd period - Shot Blocked by Ryan Ellis.
14:49 of 2nd period - Puck is out of play.
14:50 of 2nd period - Mikael Granlund wins face-off versus Frans Nielsen in Islanders zone.
14:55 of 2nd period - Slapshot by Mikael Granlund.
14:55 of 2nd period - Stopped by Jonathan Quick without a rebound.
14:56 of 2nd period - Andy Miele wins face-off versus Joe Thornton in Islanders zone.
15:00 of 2nd period - Icing by Tomas Kundratek.
15:01 of 2nd period - Mikael Granlund wins face-off versus Joe Thornton in Islanders zone.
15:02 of 2nd period - Snap shot by Alexander Ovechkin.
15:02 of 2nd period - Stopped by Jonathan Quick without a rebound.
15:03 of 2nd period - Joe Thornton wins face-off versus Andy Miele in Islanders zone.
15:18 of 2nd period - Vladimir Tarasenko is hit by Andy Miele and loses puck.
16:01 of 2nd period - Backhand shot by Justin Abdelkader.
16:01 of 2nd period - Stopped by Jonathan Quick with a rebound.
16:03 of 2nd period - Snap shot by Alexander Edler.
16:03 of 2nd period - Stopped by Jonathan Quick with a rebound.
16:13 of 2nd period - Ryan Ellis is hit by Chris Higgins and loses puck.
16:24 of 2nd period - Sergei Plotnikov is hit by Anton Gustafsson and loses puck.
16:59 of 2nd period - Slapshot by Jack Eichel.
16:59 of 2nd period - Shot Blocked by Frans Nielsen.
17:01 of 2nd period - Minor Penalty to Craig Smith for Tripping.
17:02 of 2nd period - Joe Thornton wins face-off versus Andy Miele in Islanders zone.
17:38 of 2nd period - Wrist shot by Jaden Schwartz.
17:38 of 2nd period - Goal by Jaden Schwartz - Islanders : 2 - Predators : 2.
17:39 of 2nd period - Joe Thornton wins face-off versus Andy Miele in neutral zone.
18:04 of 2nd period - Ryan Kesler is hit by Frans Nielsen and loses puck.
18:13 of 2nd period - Snap shot by Frans Nielsen.
18:13 of 2nd period - Stopped by Kari Lehtonen without a rebound.
18:14 of 2nd period - Andy Miele wins face-off versus Joe Thornton in Predators zone.
18:58 of 2nd period - Brian Ferlin is hit by Jack Eichel and loses puck.
19:09 of 2nd period - Slapshot by Justin Abdelkader.
19:09 of 2nd period - Deflect By Mark Pysyk.
19:09 of 2nd period - Shot Blocked by Brian Ferlin.
19:09 of 2nd period - Puck is out of play.
19:10 of 2nd period - Joe Thornton wins face-off versus Mikael Granlund in Islanders zone.
19:45 of 2nd period - Wrist shot by Ryan Kesler.
19:45 of 2nd period - Deflect By Ryan Ellis.
19:45 of 2nd period - Shot Blocked by Zac Rinaldo.
19:45 of 2nd period - Puck is out of play.
19:46 of 2nd period - Joe Thornton wins face-off versus Andy Miele in Islanders zone.
19:46 of 2nd period - Joe Thornton is hit by Nate Schmidt.
Goals for this period are 1 for Islanders vs 1 for Predators.
Shots for this period are 14 for Islanders vs 12 for Predators.
3rd period
0:01 of 3rd period - Joe Thornton wins face-off versus Andy Miele in neutral zone.
0:08 of 3rd period - Wrist shot by Ryan Mcdonagh.
0:08 of 3rd period - Shot Blocked by Vladimir Tarasenko.
0:10 of 3rd period - Snap shot by Alexander Ovechkin.
0:10 of 3rd period - Shot Misses the Net.
0:16 of 3rd period - Wrist shot by Mikael Granlund.
0:16 of 3rd period - Stopped by Jonathan Quick with a rebound.
0:22 of 3rd period - Double Minor Penalty to Brock McGinn for Roughing.
0:23 of 3rd period - Joe Thornton wins face-off versus Andy Miele in Islanders zone.
0:38 of 3rd period - Slapshot by Alexander Edler.
0:38 of 3rd period - Deflect By Ryan Ellis.
0:38 of 3rd period - Stopped by Jonathan Quick without a rebound.
0:39 of 3rd period - Joe Thornton wins face-off versus Andy Miele in Islanders zone.
0:45 of 3rd period - Icing by Mikael Granlund.
0:46 of 3rd period - Joe Thornton wins face-off versus Andy Miele in Predators zone.
1:09 of 3rd period - Slapshot by Alexander Edler.
1:09 of 3rd period - Goal by Alexander Edler - Islanders : 2 - Predators : 3.
1:10 of 3rd period - Joe Thornton wins face-off versus Andy Miele in neutral zone.
1:20 of 3rd period - Snap shot by Mikael Granlund.
1:20 of 3rd period - Stopped by Jonathan Quick with a rebound.
1:22 of 3rd period - Snap shot by Andy Miele.
1:22 of 3rd period - Stopped by Jonathan Quick with a rebound.
1:24 of 3rd period - Wrist shot by Andy Miele.
1:24 of 3rd period - Stopped by Jonathan Quick without a rebound.
1:25 of 3rd period - Andy Miele wins face-off versus Joe Thornton in Islanders zone.
1:50 of 3rd period - Ryan Ellis is hit by Ryan Kesler and loses puck.
2:49 of 3rd period - Frans Nielsen is hit by Andy Miele and loses puck.
3:09 of 3rd period - Penalty to Brock McGinn is over, Brock McGinn is back on ice.
3:20 of 3rd period - Slapshot by Marc-Édouard Vlasic.
3:20 of 3rd period - Shot Blocked by Mike Brown.
4:18 of 3rd period - Icing by Ryan Ellis.
4:19 of 3rd period - Brendan Gallagher wins face-off versus Paul Stastny in Islanders zone.
4:24 of 3rd period - Snap shot by Jaden Schwartz.
4:24 of 3rd period - Goal by Jaden Schwartz - Islanders : 2 - Predators : 4.
4:25 of 3rd period - Andy Miele wins face-off versus Joe Thornton in neutral zone.
4:52 of 3rd period - Craig Smith is hit by Alexander Edler and loses puck.
5:39 of 3rd period - Minor Penalty to Justin Abdelkader for Cross-checking.
5:40 of 3rd period - Joe Thornton wins face-off versus Andy Miele in Predators zone.
6:16 of 3rd period - Icing by Fedor Tyutin.
6:17 of 3rd period - Andy Miele wins face-off versus Frans Nielsen in Islanders zone.
6:34 of 3rd period - Slapshot by Ryan Ellis.
6:34 of 3rd period - Shot Misses the Net.
6:36 of 3rd period - Backhand shot by Fedor Tyutin.
6:36 of 3rd period - Shot Misses the Net.
6:38 of 3rd period - Wrist shot by Joe Thornton.
6:38 of 3rd period - Deflect By Vladimir Tarasenko.
6:38 of 3rd period - Stopped by Kari Lehtonen without a rebound.
6:39 of 3rd period - Joe Thornton wins face-off versus Andy Miele in Predators zone.
7:22 of 3rd period - John Moore is hit by Frans Nielsen and loses puck.
7:27 of 3rd period - Snap shot by Frans Nielsen.
7:27 of 3rd period - Stopped by Kari Lehtonen without a rebound.
7:28 of 3rd period - Joe Thornton wins face-off versus Andy Miele in Predators zone.
7:39 of 3rd period - Penalty to Justin Abdelkader is over, Justin Abdelkader is back on ice.
7:39 of 3rd period - Slapshot by Ryan Ellis.
7:39 of 3rd period - Shot Blocked by Ryan Mcdonagh.
7:41 of 3rd period - Slapshot by Fedor Tyutin.
7:41 of 3rd period - Stopped by Kari Lehtonen without a rebound.
7:42 of 3rd period - Joe Thornton wins face-off versus Ryan Kesler in Predators zone.
7:43 of 3rd period - Wrist shot by Vladimir Tarasenko.
7:43 of 3rd period - Stopped by Kari Lehtonen with a rebound.
7:53 of 3rd period - Snap shot by Brendan Gallagher.
7:53 of 3rd period - Shot Blocked by Brock McGinn.
7:55 of 3rd period - Slapshot by Alexander Edler.
7:55 of 3rd period - Stopped by Jonathan Quick with a rebound.
8:09 of 3rd period - Mike Brown is hit by Craig Smith and loses puck.
8:52 of 3rd period - Snap shot by Andrew Shaw.
8:52 of 3rd period - Deflect By Sergei Plotnikov.
8:52 of 3rd period - Stopped by Kari Lehtonen with a rebound.
8:54 of 3rd period - Snap shot by Michael Latta.
8:54 of 3rd period - Shot Hit the Post.
9:55 of 3rd period - Snap shot by Paul Stastny.
9:55 of 3rd period - Shot Blocked by John Moore.
9:57 of 3rd period - Wrist shot by Brian Ferlin.
9:57 of 3rd period - Stopped by Kari Lehtonen without a rebound.
9:58 of 3rd period - Joe Thornton wins face-off versus Brendan Gallagher in Predators zone.
10:03 of 3rd period - Wrist shot by Brock McGinn.
10:03 of 3rd period - Stopped by Kari Lehtonen without a rebound.
10:04 of 3rd period - Joe Thornton wins face-off versus Ryan Kesler in Predators zone.
10:08 of 3rd period - Alexander Edler is hit by Ryan Ellis and loses puck.
10:19 of 3rd period - Slapshot by Ryan Ellis.
10:19 of 3rd period - Deflect By Vladimir Tarasenko.
10:19 of 3rd period - Stopped by Kari Lehtonen without a rebound.
10:20 of 3rd period - Frans Nielsen wins face-off versus Andy Miele in Predators zone.
10:52 of 3rd period - Snap shot by Brendan Gallagher.
10:52 of 3rd period - Shot Misses the Net.
11:14 of 3rd period - Snap shot by Chris Higgins.
11:14 of 3rd period - Stopped by Jonathan Quick with a rebound.
11:22 of 3rd period - Snap shot by Brian Ferlin.
11:22 of 3rd period - Stopped by Kari Lehtonen without a rebound.
11:23 of 3rd period - Andy Miele wins face-off versus Zac Rinaldo in Predators zone.
11:23 of 3rd period - Andy Miele is hit by Craig Smith.
11:35 of 3rd period - Slapshot by Ryan Ellis.
11:35 of 3rd period - Stopped by Kari Lehtonen with a rebound.
11:37 of 3rd period - Snap shot by Zac Rinaldo.
11:37 of 3rd period - Shot Blocked by Justin Faulk.
11:39 of 3rd period - Snap shot by Zac Rinaldo.
11:39 of 3rd period - Stopped by Kari Lehtonen with a rebound.
13:22 of 3rd period - Wrist shot by Brendan Gallagher.
13:22 of 3rd period - Deflect By Jaden Schwartz.
13:22 of 3rd period - Shot Blocked by Joe Thornton.
13:22 of 3rd period - Puck is out of play.
13:23 of 3rd period - Andy Miele wins face-off versus Frans Nielsen in Islanders zone.
13:59 of 3rd period - Snap shot by Joe Thornton.
13:59 of 3rd period - Stopped by Kari Lehtonen without a rebound.
14:00 of 3rd period - Jack Eichel wins face-off versus Frans Nielsen in Predators zone.
14:00 of 3rd period - Jack Eichel is hit by Frans Nielsen.
14:22 of 3rd period - Minor Penalty to Frans Nielsen for Tripping.
14:23 of 3rd period - Joe Thornton wins face-off versus Andy Miele in Islanders zone.
16:05 of 3rd period - Fedor Tyutin is hit by Mikael Granlund and loses puck.
16:22 of 3rd period - Penalty to Frans Nielsen is over, Frans Nielsen is back on ice.
16:26 of 3rd period - Brock McGinn is hit by Mike Brown.
16:38 of 3rd period - Backhand shot by Chris Higgins.
16:38 of 3rd period - Goal by Chris Higgins - Islanders : 2 - Predators : 5.
16:39 of 3rd period - Frans Nielsen wins face-off versus Ryan Kesler in neutral zone.
17:01 of 3rd period - Icing by Tomas Kundratek.
17:02 of 3rd period - Paul Stastny wins face-off versus Andy Miele in Islanders zone.
17:57 of 3rd period - Wrist shot by Sergei Plotnikov.
17:57 of 3rd period - Deflect By Brendan Gallagher.
17:57 of 3rd period - Stopped by Kari Lehtonen without a rebound.
17:58 of 3rd period - Mikael Granlund wins face-off versus Michael Latta in Predators zone.
18:36 of 3rd period - Slapshot by John Moore.
18:36 of 3rd period - Stopped by Jonathan Quick without a rebound.
18:37 of 3rd period - Andy Miele wins face-off versus Frans Nielsen in Islanders zone.
19:02 of 3rd period - Alexander Edler is hit by Vladimir Tarasenko and loses puck.
19:11 of 3rd period - Wrist shot by Joe Thornton.
19:11 of 3rd period - Shot Hit the Post.
19:30 of 3rd period - Minor Penalty to Brian Ferlin for Roughing.
19:31 of 3rd period - Andy Miele wins face-off versus Vladimir Tarasenko in Islanders zone.
Goals for this period are 0 for Islanders vs 3 for Predators.
Shots for this period are 13 for Islanders vs 11 for Predators.